 Dungeon Crawl Stone Soup version 0.28-a0-664-gc179e30c89 (webtiles) character file.

Game seed: 15775272672175492065

172 acebull12 the Magician (level 5, -2/38 HPs)
             Began as a Djinni Fire Elementalist on Oct 17, 2021.
             Killed by divine providence
             ... invoked by an orc priest
              (10 damage)
             ... on level 2 of the Dungeon.
             The game lasted 00:05:07 (3998 turns).

acebull12 the Magician (Djinni Fire Elementalist)   Turns: 3998, Time: 00:05:07

Health: -2/38      AC:  3    Str:  7    XL:     5   Next: 83%
Gold:   121        EV: 12    Int: 17    God:
                   SH:  0    Dex: 14

rFire   + + .      SeeInvis .   (no weapon)
rCold   . . .      Faith    .   (no shield)
rNeg    . . .      Spirit   .   a - +0 robe
rPois   ∞          Reflect  .   (no helmet)
rElec   .          Harm     .   (no cloak)
rCorr   .          Rampage  .   e - +0 pair of gloves
Will    .....                   (boots unavailable)
Stlth   ++........              (no amulet)
HPRegen 0.12/turn               h - ring of protection from cold
MPRegen 0.00/turn               (no ring)

@: flying
A: sickness immunity, fire resistance 2, cold vulnerability 1, float, innate
caster, hp casting, extra vitality 1
a: no special abilities


You were on level 2 of the Dungeon.
You visited 1 branch of the dungeon, and saw 2 of its levels.

You collected 121 gold pieces.

Inventory:

Armour
 a - a +0 robe (worn)
 e - a +0 pair of gloves (worn)
Jewellery
 h - a ring of protection from cold (left hand)
Scrolls
 f - a scroll of blinking {unknown}
 g - 2 scrolls of identify {unknown}
Potions
 b - a potion of heal wounds {unknown}
 c - a potion of flight {unknown}
 d - a potion of brilliance {unknown}
 i - a potion of cancellation {unknown}


   Skills:
 * Level 2.2 Fighting
 + Level 2.7 Dodging
 - Level 1.5 Stealth
 + Level 4.1 Spellcasting


You couldn't memorise any spells.
You knew the following spells:

 Your Spells              Type           Power      Damage    Failure   Level
a - Foxfire               Conj/Fire      68%        2x1d7     3%          1
b - Scorch                Fire           34%        2d6       4%          2
c - Conjure Flame         Conj/Fire      17%        6-21      9%          3
d - Inner Flame           Hex/Fire       17%        N/A       9%          3
e - Flame Wave            Conj/Fire      17%        3d5       28%         4
f - Beastly Appendage     Tmut           34%        N/A       3%          1
g - Wereblood             Tmut           17%        N/A       4%          2
Your spell library was empty.

Dungeon Overview and Level Annotations

Branches:
Dungeon (2/15)

Altars:

Shops:
D:2 =


Innate Abilities, Weirdness & Mutations

You are immune to sickness and miasma.
You are immune to poison.
Your flesh is very heat resistant. (rF++)
You are vulnerable to cold. (rC-)
You float through the air rather than walking.
You learn spells naturally, not from books.
Your magical power is your life essence.
You have superior vitality. (+4 HP)


Message History

The orc priest shouts!
There is not enough space to conjure foxfire!
There is not enough space to conjure foxfire!
There is not enough space to conjure foxfire!
Your foxfire dissipates! x2
You conjure some foxfire!
The orc shouts!
You hear a shout!
The orc priest miscasts a cantrip.
You conjure some foxfire!
The foxfire hits the orc priest but does no damage. x2
You conjure some foxfire!
The foxfire hits the orc priest.
The orc priest is moderately wounded.
You conjure some foxfire!
The foxfire hits the orc priest but does no damage.
The orc priest is moderately wounded.
The orc priest invokes the aid of Beogh against you.
You struggle to resist.
You conjure some foxfire!
The foxfire hits the orc priest.
The orc priest is moderately wounded.
The orc priest hits you but does no damage.
The orc priest hits your foxfire with a +0 hand axe.
You conjure some foxfire!
The foxfire hits the orc priest but does no damage.
The orc priest is moderately wounded.
The orc priest mumbles some strange prayers to Beogh against you.
Beogh smites you!
You are too injured to fight recklessly!
Your foxfire dissipates!
The foxfire hits the orc priest.
The orc priest is heavily wounded.
The orc priest mumbles some strange prayers to Beogh against you.
Beogh smites you!
* * * LOW HITPOINT WARNING * * *
Things that are here:
a +0 club; a +0 whip; a gnoll skeleton
Found 15 gold pieces.
The orc priest looks braver for a moment.
The orc priest invokes the aid of Beogh against you.
Beogh smites you!
You die...

#.##....#.....#...#..##..##...#
#.##.o##..#.........###..####.#
#.##..##.##..#########...# #.#
#.####.####...........)..####.#
#......# #............)..)....
#####o## #..##........######..
#.# #........##.## ###
##.#####...........# #
#.....o..o.@.....### #
#.)............#.###########
#..###......................
##.# #$........#..##########
#.##.........###...####....
.....#.......# #...........
..####....[..# #........... ..#
##..####### #.......####
#####...#########.......#


You could see an orc priest and an orc.

Vanquished Creatures
  A hound skeleton (D:2)
  6 adders (D:2)
  6 gnolls (D:2)
  2 dart slugs
  2 orcs (D:2)
  2 ball pythons
  3 bats
  3 endoplasms
  4 goblins
  5 hobgoblins
  A frilled lizard (D:1)
  7 kobolds
  8 rats
50 creatures vanquished.

Vanquished Creatures (collateral kills)
  16 foxfires (D:1)
16 creatures vanquished.

Vanquished Creatures (others)
  278 foxfires
278 creatures vanquished.

Grand Total: 344 creatures vanquished

Notes
Turn   | Place    | Note
-------+----------+-------------------------------------------
     0 | D:1      | acebull12 the Djinni Fire Elementalist began the quest for
                  | the Orb.
     0 | D:1      | Reached XP level 1. HP: 15/15 MP: 0/0
   498 | D:1      | Reached XP level 2. HP: 20/22 MP: 0/0
  1610 | D:1      | Reached XP level 3. HP: 22/26 MP: 0/0
  1610 | D:1      | Learned a level 1 spell: Beastly Appendage
  1667 | D:1      | Reached skill level 1 in Fighting
  1977 | D:2      | Found a faded altar of an unknown god.
  1988 | D:2      | Reached skill level 3 in Spellcasting
  2405 | D:2      | Reached XP level 4. HP: 24/32 MP: 0/0
  3209 | D:2      | Reached XP level 5. HP: 24/38 MP: 0/0
  3209 | D:2      | Learned a level 2 spell: Wereblood
  3724 | D:2      | Found Xidd's Jewellery Shoppe.
  3750 | D:2      | Reached skill level 4 in Spellcasting
  3998 | D:2      | Killed from afar by an orc priest

Illustrated notes

Levels and vault maps discovered:
D:1:      minmay_arrival_split_and_join, layout_loops_cross,
          nrook_mini_backslash, minmay_hedge_maze, minmay_close_crescents
D:2:      cheibrodos_pilgrimage, layout_rooms, serial_shops,
          nicolae_square_shop, hellmonk_ecumenical_altar_arch_garden,
          grunt_ministairs_6

Skill      XL: |  1  2  3  4  5 |
---------------+----------------+-----
Fighting       | 1 2 |  2.2
Spellcasting   | 3 4 |  4.1
Dodging        | |  2.7
Stealth        | |  1.5

Action                   |  1- 3 |  4- 6 || total
-------------------------+-------+-------++-------
 Cast: Foxfire           |   110 |    83 ||   193
Armor: Robe              |     4 |     4 ||     8
Dodge: Dodged            |     8 |    11 ||    19

Table legend: (Time is in decaauts)
 A = Elapsed time spent in this place.
 B = Non-inter-level travel time spent in this place.
 C = Inter-level travel time spent in this place.
 D = Time resting spent in this place.
 E = Time spent auto-exploring this place.
 F = Levels seen in this place.
 G = Mean time per level.
                   A        B        C        D        E       F      G
               +--------+--------+--------+--------+--------+-----+--------+
         Total |   3999 |   3934 |     65 |   1053 |   2498 |   2 | 1999.5 |
       Dungeon |   3999 |   3934 |     65 |   1053 |   2498 |   2 | 1999.5 |
               +--------+--------+--------+--------+--------+-----+--------+

Top non-repeatable levels by time:
     D:1: 2438 daAuts
     D:2: 1561 daAuts
